 Dungeon Crawl Stone Soup version 0.26.0-10-g1f06aea511 (webtiles) character file.

Game seed: 3359417390590913729

183 Borgoz the Slasher (level 5, -2/46 HPs)
             Began as a Ghoul Gladiator on Jan 18, 2021.
             Killed by divine providence
             ... invoked by an orc priest
              (12 damage)
             ... on level 3 of the Dungeon.
             The game lasted 00:03:24 (2379 turns).

Borgoz the Slasher (Ghoul Gladiator)                Turns: 2379, Time: 00:03:25

Health: -2/46      AC:  6    Str: 18    XL:     5   Next: 62%
Magic:  4/4        EV: 16    Int:  3    God:
Gold:   143        SH:  0    Dex: 11    Spells: 4/4 levels left

rFire    . . .     SeeInvis .   a - +0 long sword
rCold    + . .     Faith    .   (no shield)
rNeg     + + +     Spirit   .   o - -1 ring mail (curse)
rPois    ∞         Reflect  .   c - +1 helmet
rElec    .         Harm     .   (no cloak)
rCorr    .         Rampage  .   (no gloves)
Will     .....                  (no boots)
Stlth    +.........             (no amulet)
HPRegen  0.00/turn              (no ring)
MPRegen  0.09/turn              i - +4 ring of evasion

@: no status effects
A: claws 1, cold resistance 1, negative energy resistance 3, inhibited
regeneration, torment resistance, unbreathing
a: no special abilities


You were on level 3 of the Dungeon.
You visited 1 branch of the dungeon, and saw 4 of its levels.

You collected 143 gold pieces.

Inventory:

Hand Weapons
 a - a +0 long sword (weapon)
Missiles
 d - 3 throwing nets (quivered)
Armour
 b - a +0 leather armour
 c - a +1 helmet (worn)
 o - a cursed -1 ring mail (worn)
Jewellery
 i - a +4 ring of evasion (right claw)
Scrolls
 e - a scroll of magic mapping
 n - a scroll of fog
Potions
 f - a potion of lignification {unknown}
 g - a potion of heal wounds {unknown}
 h - a potion of brilliance {unknown}


   Skills:
 + Level 3.8 Fighting
 * Level 4.6 Long Blades
 - Level 1.7 Throwing
 + Level 3.1 Dodging


You had 4 spell levels left.
You didn't know any spells.
Your spell library was empty.

Dungeon Overview and Level Annotations

Branches:
Dungeon (4/15)
 Temple: D:4-7

Altars:
Yredelemnul
The Shining One


Innate Abilities, Weirdness & Mutations

You thrive by killing the living.
You are immune to poison.
You have sharp fingernails.
Your flesh is cold resistant. (rC+)
You are immune to negative energy. (rN+++)
You do not regenerate when monsters are visible.
You are immune to unholy pain and torment.
You can survive without breathing.


Message History

The giant cockroach waves its antennae.
An orc comes into view. It is wielding a +0 whip.
You completely miss the orc. The orc closely misses you.
You riposte.
You hit the orc.
The orc is moderately wounded.
You hit the orc but do no damage.
The orc is moderately wounded.
The orc priest invokes the aid of Beogh against you.
Beogh smites you!
* * * LOW HITPOINT WARNING * * *
The orc barely misses you.
You riposte.
You barely miss the orc.
The orc is lightly wounded.
You barely miss the orc.
The orc is lightly wounded.
The orc hits you with a +0 flail.
* * * LOW HITPOINT WARNING * * *
It was a potion of curing.
You feel better.
The orc priest mumbles some strange prayers to Beogh against you.
Beogh smites you!
You die...

#....##.# #..#.##.#
##.#.#.## ###....##
##### ##.#.#.##
...# ##....#.#
###.###.###.....#.#
.....$.†..........#
##...#@#......†..#
#. #o##........#
#o###.....#.# #B#
##...##)# #o. #..##
.# ... #..#
............#
###..#..#####
#..#..#


You could see an orc priest, 2 orcs and a giant cockroach.

Vanquished Creatures
  Jessica (D:2)
  7 gnolls
  2 adders (D:3)
  An ooze (D:3)
  2 worms (D:2)
  2 dart slugs
  4 leopard geckos
  2 orcs (D:3)
  A giant cockroach (D:1)
  5 hobgoblins
  A jackal (D:3)
  3 kobolds
  A quokka (D:3)
  4 bats
  8 frilled lizards
  7 goblins
  7 rats (D:1)
58 creatures vanquished.

Notes
Turn   | Place    | Note
-------+----------+-------------------------------------------
     0 | D:1      | Borgoz the Ghoul Gladiator began the quest for the Orb.
     0 | D:1      | Reached XP level 1. HP: 17/17 MP: 0/0
    84 | D:1      | Reached skill level 3 in Long Blades
    84 | D:1      | Reached XP level 2. HP: 25/25 MP: 1/1
   529 | D:1      | Reached XP level 3. HP: 27/30 MP: 2/2
  1082 | D:2      | Reached XP level 4. HP: 38/38 MP: 3/3
  1213 | D:2      | Noticed Jessica
  1219 | D:2      | Killed Jessica
  1220 | D:2      | Reached skill level 4 in Long Blades
  1436 | D:2      | Found a faded altar of an unknown god.
  1978 | D:3      | Found a glowing golden altar of the Shining One.
  2022 | D:3      | Reached XP level 5. HP: 45/45 MP: 4/4
  2295 | D:3      | Found a basalt altar of Yredelemnul.
  2379 | D:3      | Killed from afar by an orc priest

Illustrated notes

Levels and vault maps discovered:
D:1:      denvon_arrival_planthouse, layout_basic, st_stairs_12
D:2:      layout_loops_cross, chequers_ecumenical_altar_simple, uniq_jessica
D:3:      layout_loops_ring, lightli_temple_of_fire,
          nicolae_overflow_crystal_walls, overflow_temple_1_default,
          minmay_circle_x
D:4:      lemuel_castle_with_subvaults [lemuel_castle_interior_original],
          layout_basic, nicolae_dithmenos_the_darkroom,
          overflow_temple_1_default, nicolae_qazlal_style_of_elements,
          serial_shops, shop_fountains, uniq_robin

Skill      XL: |  1  2  3  4  5 |
---------------+----------------+-----
Long Blades    | 3 4 |  4.6
Fighting       | 3 |  3.8
Dodging        | 3 |  3.1
Throwing       | |  1.7

Action                   |  1- 3 |  4- 6 || total
-------------------------+-------+-------++-------
Melee: Long sword        |    79 |   112 ||   191
  Use: Scroll            |       |     9 ||     9
       Potion            |       |     1 ||     1
 Stab: Sleeping          |       |     1 ||     1
Armor: Leather armour    |    23 |       ||    23
       Ring mail         |       |    37 ||    37
Dodge: Dodged            |    79 |   135 ||   214
       Rpst.: Long sword |    22 |    45 ||    67
